 Dungeon Crawl Stone Soup version 0.27.1-34-g3ba077fa99 (webtiles) character file.

Game seed: 12730869682130353464

334 safid the Chopper (level 6, 0/52 HPs)
             Began as a Hill Orc Fighter on Jan 13, 2022.
             Was an Initiate of Beogh.
             Killed by nerve-wracking pain
             ... invoked by an orc priest
              (5 damage)
             ... on level 5 of the Dungeon.
             The game lasted 00:05:57 (4043 turns).

safid the Chopper (Hill Orc Fighter)                Turns: 4043, Time: 00:05:57

Health: 0/52       AC: 14    Str: 21    XL:     6   Next: 53%
Magic:  6/6        EV:  4    Int:  8    God:    Beogh [......]
Gold:   188        SH: 10    Dex: 10    Spells: 5/5 levels left

rFire    . . .     SeeInvis .   a - +0 war axe
rCold    . . .     Faith    .   c - +0 kite shield
rNeg     . . .     Spirit   .   i - +0 plate armour
rPois    +         Reflect  .   (no helmet)
rElec    .         Harm     .   (no cloak)
rCorr    +         Rampage  .   o - +0 pair of gloves
Will     .....                  j - +0 pair of boots
Stlth    ..........             (no amulet)
HPRegen  0.17/turn              k - ring of poison resistance
MPRegen  0.10/turn              m - ring of resist corrosion

@: no status effects
A: no striking features
a: Renounce Religion


You were on level 5 of the Dungeon.
You worshipped Beogh.
Beogh was noncommittal.
You visited 1 branch of the dungeon, and saw 5 of its levels.

You collected 188 gold pieces.

Inventory:

Hand Weapons
 a - a +0 war axe (weapon)
Missiles
 h - 7 javelins (quivered)
 n - 2 throwing nets
Armour
 c - a +0 kite shield (worn)
 i - a +0 plate armour (worn)
 j - a +0 pair of boots (worn)
 o - a +0 pair of gloves (worn)
Jewellery
 k - a ring of poison resistance (left hand)
 m - a ring of resist corrosion (right hand)
Scrolls
 b - 2 scrolls of identify {unknown}
 g - 4 scrolls of fog {unknown}
 l - a scroll of silence {unknown}
 p - a scroll of fear {unknown}
Potions
 d - a potion of might
 e - a potion of attraction {unknown}
 f - 2 potions of haste {unknown}


   Skills:
 - Level 4.0 Fighting
 + Level 6.1 Axes
 - Level 4.0 Armour
 + Level 5.6 Shields


You had 5 spell levels left.
You didn't know any spells.
Your spell library was empty.

Dungeon Overview and Level Annotations

Branches:
Dungeon (5/15)
 Temple: D:4-7

Altars:
Sif Muna

Annotations:
D:3 1 runed translucent door, Crazy Yiuf


Message History

Something hits the orc but does no damage.
The white imp gestures at you. The puff of frost hits you!
The orc priest hits the shadow imp with a +0 club.
The orc closely misses something.
The shadow imp gestures at you.
The orc priest writhes in agony!
Something misses the orc.
The orc priest casts a cantrip, but nothing happens.
The orc barely misses something.
The shadow imp hits the orc priest.
The orc priest dies!
The orc priest hits you with a +0 flail.
A puff of flame appears from out of thin air!
The puff of flame hits the orc.
You closely miss the orc priest. You closely miss the white imp.
The white imp gestures at you. The puff of frost hits you.
The shadow imp hits something but does no damage.
The orc barely misses something.
The orc priest invokes the aid of Beogh against you.
Beogh smites you!
* * * LOW HITPOINT WARNING * * *
Something hits the orc.
The orc dies!
Okay, then.
You closely miss the orc priest. You hit the white imp.
The white imp shouts, "Scamper home, thou pandering bat-fowling wastrel!"
The white imp gestures at you.
The puff of frost hits you but does no damage.
The orc priest barely misses you. You block the white imp's attack.
You closely miss the orc priest. You barely miss the white imp.
The orc priest mumbles some strange prayers to Beogh against you.
Pain shoots through your body!
* * * LOW HITPOINT WARNING * * *
The orc hits the shadow imp with a +0 hand axe.
The orc closely misses the orc priest.
The white imp hits you but does no damage.
The orc priest invokes the aid of Beogh against you.
Pain shoots through your body!
You die...
Beogh appreciates the orc priest's killing of a heretic priest.

#########
#...<...#
#.♣..5♣.#
#...@...#
#.♣.o.♣.#
#..o5...#
#.♣..)♣.#
#...)...#
####.####
... ...


You could see an orc priest, a white imp, a shadow imp and a neutral orc
(wandering).

Vanquished Creatures
  A necrophage (D:4)
  Terence (D:2)
  Natasha (D:3)
  2 iguanas (D:4)
  Robin (D:3)
  6 adders
  A dart slug (D:3)
  An orc (D:2)
  7 ball pythons
  13 endoplasms
  A giant cockroach (D:1)
  16 goblins
  5 hobgoblins
  3 jackals (D:4)
  3 quokkas
  3 bats
  A frilled lizard (D:1)
  7 kobolds
  7 rats
80 creatures vanquished.

Vanquished Creatures (others)
  An orc priest (D:5)
  An orc (D:5)
2 creatures vanquished.

Grand Total: 82 creatures vanquished

Notes
Turn   | Place    | Note
-------+----------+-------------------------------------------
     0 | D:1      | safid the Hill Orc Fighter began the quest for the Orb.
     0 | D:1      | Reached XP level 1. HP: 19/19 MP: 1/1
   118 | D:1      | Reached XP level 2. HP: 26/27 MP: 2/2
   123 | D:1      | Reached skill level 3 in Axes
  1105 | D:1      | Found a faded altar of an unknown god.
  1191 | D:2      | Reached XP level 3. HP: 33/33 MP: 3/3
  1212 | D:2      | Noticed Terence
  1515 | D:2      | Killed Terence
  1516 | D:2      | Reached XP level 4. HP: 27/40 MP: 4/4
  1613 | D:2      | Reached skill level 4 in Axes
  2557 | D:3      | Noticed Robin
  2571 | D:3      | Killed Robin
  2572 | D:3      | Reached XP level 5. HP: 44/46 MP: 5/5
  2655 | D:3      | Found a runed translucent door.
  2656 | D:3      | Noticed Crazy Yiuf
  2825 | D:3      | Found a shimmering blue altar of Sif Muna.
  2825 | D:3      | Noticed Natasha
  2841 | D:3      | Killed Natasha
  3406 | D:4      | Noticed a necrophage
  3424 | D:4      | Killed a necrophage
  3425 | D:4      | Reached skill level 5 in Axes
  3425 | D:4      | Reached skill level 5 in Shields
  3425 | D:4      | Reached XP level 6. HP: 35/52 MP: 6/6
  3930 | D:4      | Reached skill level 6 in Axes
  4033 | D:5      | Entered Level 5 of the Dungeon
  4034 | D:5      | Became a worshipper of Beogh the Brigand
  4043 | D:5      | Killed from afar by an orc priest

Illustrated notes

Levels and vault maps discovered:
D:1:      minmay_arrival_glassed_features, layout_basic,
          hellmonk_ecumenical_altar_zigzags
D:2:      layout_basic, kennysheep_generic_room_8, uniq_terence
D:3:      layout_loops_ring, lemuel_doored_altar, minmay_misc_feat_encased,
          uniq_crazy_yiuf_cottage, uniq_robin, uniq_natasha
D:4:      layout_basic
D:5:      layout_gridville, minmay_misc_feat_secret_circle,
          nicolae_elemental_shop, grunt_ministairs_3, dk_noncrumbling_2,
          uniq_eustachio

Skill      XL: |  1  2  3  4  5  6 |
---------------+-------------------+-----
Axes           | 3 4 5 6 |  6.1
Fighting       | 4 |  4.0
Armour         | 4 |  4.0
Shields        | 4 5 |  5.6

Action                   |  1- 3 |  4- 6 || total
-------------------------+-------+-------++-------
Melee: War axe           |   104 |   175 ||   279
Invok: Convert to Beogh  |       |     1 ||     1
Armor: Scale mail        |    49 |       ||    49
       Plate armour      |       |   116 ||   116
Dodge: Dodged            |    31 |    26 ||    57
Block: Kite shield       |    72 |   101 ||   173
